 Dungeon Crawl Stone Soup version 0.23.2-30-g0e89c35649 (webtiles) character file.

Game seed: 4673911351825143388

120 H0rd4k the Charlatan (level 5, 0/37 HPs)
             Began as a Human Artificer on June 18, 2019.
             Slain by a worker ant (7 damage)
             ... on level 3 of the Dungeon.
             The game lasted 00:02:44 (1787 turns).

H0rd4k the Charlatan (Human Artificer)              Turns: 1787, Time: 00:02:44

Health: 0/37       AC:  3    Str: 13    XL:     5   Next: 25%
Magic:  8/8        EV: 12    Int: 12    God:
Gold:   147        SH:  0    Dex: 13    Spells: 4/4 levels left

rFire    . . .     SeeInvis .   a - +0 short sword
rCold    . . .     Gourm    .   (no shield)
rNeg     . . .     Faith    .   b - +0 leather armour
rPois    .         Spirit   .   (no helmet)
rElec    .         Reflect  .   (no cloak)
rCorr    .         Harm     .   (no gloves)
MR       .....                  (no boots)
Stlth    ++........             (no amulet)
HPRegen  0.12/turn              (no ring)
MPRegen  0.11/turn              (no ring)

@: lethally poisoned (0 -> -4)
A: no striking features
a: no special abilities


You were on level 3 of the Dungeon.
You were near starving.

You visited 1 branch of the dungeon, and saw 3 of its levels.

You collected 147 gold pieces.

Inventory:

Hand Weapons
 a - a +0 short sword (weapon)
Missiles
 j - 25 poisoned needles
 m - 4 needles of confusion
 r - 7 javelins (quivered)
Armour
 b - a +0 leather armour (worn)
Wands
 d - a wand of enslavement (15)
 e - a wand of random effects (10)
Scrolls
 g - a scroll of enchant weapon {unknown}
 l - 2 scrolls of remove curse {unknown}
 q - 2 scrolls of identify {unknown}
Potions
 h - a potion of ambrosia {unknown}
 i - 3 potions of curing
 k - 2 potions of agility {unknown}
 n - a potion of brilliance {unknown}
 o - a potion of magic {unknown}
Comestibles
 f - 7 rations


   Skills:
 + Level 1.3 Fighting
 + Level 2.2 Short Blades
 + Level 1.7 Armour
 + Level 2.4 Dodging
 + Level 1.5 Stealth
 + Level 4.0 Evocations


You had 4 spell levels left.
You didn't know any spells.
Your spell library was empty.

Dungeon Overview and Level Annotations

Branches:
Dungeon (3/15)

Altars:


Message History

Evoke which item? (* to show all) (? for menu, Esc to quit)
Aiming: Random Effects
Press: ? - help, Shift-Dir - straight line, f/p - worker ant
Aim: a worker ant (almost dead)
The worker ant flickers and vanishes!
Deactivating autopickup; reactivate with Ctrl-A.
You feel sick. Something bites you.
* * * LOW HITPOINT WARNING * * *
Something completely misses you.
Evoke which item? (* to show all) (? for menu, Esc to quit)
Aiming: Random Effects
Press: ? - help, Shift-Dir - straight line, f - you That beam is likely to hit you.
Continue anyway?
Okay, then.
Unknown command.
Evoke which item? (* to show all) (? for menu, Esc to quit)
Aiming: Random Effects
Press: ? - help, Shift-Dir - straight line Nothing appears to happen.
You feel sick. Something bites you!
You die...

########### ###
#.........# #..
+.........##
#.#####.........#.
#.#..........#....
#.#.########.#..#.
#@#..........#..#.
#{#########..#..#.
#####†# #..#..#.
##.l...#### #..#..#.
...[.....).#
#..#..#.
###.######.##
#..#.... #
#####..#####..#####
......a.............
#######.####..######


There were no monsters in sight!

Vanquished Creatures
  A jelly (D:3)
  4 adders
  2 oozes
  A dart slug (D:2)
  3 leopard geckos
  An orc (D:3)
  A ball python (D:1)
  A giant cockroach (D:2)
  3 goblins
  4 hobgoblins
  3 jackals (D:2)
  7 kobolds
  3 bats
  3 frilled lizards
  3 rats
40 creatures vanquished.

Notes
Turn   | Place    | Note
-------+----------+-------------------------------------------
     0 | D:1      | H0rd4k the Human Artificer began the quest for the Orb.
     0 | D:1      | Reached XP level 1. HP: 15/15 MP: 3/3
   206 | D:1      | Reached XP level 2. HP: 18/21 MP: 4/4
   679 | D:2      | Reached XP level 3. HP: 8/26 MP: 5/5
  1054 | D:2      | Reached skill level 1 in Armour
  1054 | D:2      | Reached XP level 4. HP: 6/32 MP: 6/6
  1057 | D:2      | Reached skill level 4 in Evocations
  1744 | D:3      | Reached XP level 5. HP: 27/37 MP: 8/8
  1787 | D:3      | Slain by a worker ant

Skill      XL: |  1  2  3  4 |
---------------+-------------+-----
Armour         | 1 |  1.7
Evocations     | 4 |  4.0
Short Blades   | 2 |  2.2
Fighting       | |  1.3
Dodging        | |  2.4
Stealth        | |  1.5

Action                   |  1- 3 |  4- 6 || total
-------------------------+-------+-------++-------
Melee: Short sword       |    89 |    65 ||   154
Evoke: Wand              |     3 |    17 ||    20
  Use: Potion            |       |     1 ||     1
 Stab: Sleeping          |     4 |       ||     4
  Eat: Chunk             |       |     1 ||     1
Armor: Leather armour    |    19 |    26 ||    45
Dodge: Dodged            |    52 |    62 ||   114
